 Dungeon Crawl Stone Soup version 0.26.1-11-gd32895ea62 (webtiles) character file.

Game seed: 7772086149279129291

38 Zeld the Grasshopper (level 3, -1/36 HPs)
             Began as an Octopode Warper on May 17, 2021.
             Slain by an orc priest
             ... wielding a +0 mace
              (4 damage)
             ... on level 3 of the Dungeon.
             The game lasted 00:00:45 (236 turns).

Zeld the Grasshopper (Octopode Warper)               Turns: 236, Time: 00:00:46

Health: -1/36      AC: 21    Str: 11    XL:     3   Next: 43%
Magic:  6/6        EV:  2    Int: 15    God:
Gold:   5          SH:  0    Dex: 11    Spells: 6/6 levels left

rFire    . . .     SeeInvis .   a - +0 mace
rCold    . . .     Faith    .   (no shield)
rNeg     + + +     Spirit   .   (helmet currently unavailable)
rPois    +         Reflect  .   (no amulet)
rElec    .         Harm     .   (no ring)
rCorr    .         Rampage  .   (no ring)
Will     .....     NoTele   +   (no ring)
Stlth    +.........             (no ring)
HPRegen  0.12/turn              (no ring)
MPRegen  0.10/turn              (no ring)
                                (no ring)
                                (no ring)

@: tree-form
A: almost no armour, stealthy swim, (amphibious), 8 rings, (constrict 8)
a: no special abilities


You were on level 3 of the Dungeon.
You were a tree.
You visited 1 branch of the dungeon, and saw 3 of its levels.

You collected 5 gold pieces.

Inventory:

Hand Weapons
 a - a +0 mace (weapon)
Missiles
 b - 5 boomerangs of dispersal (quivered)
Scrolls
 c - a scroll of blinking
 e - a scroll of magic mapping {unknown}
 f - a scroll of teleportation {unknown}
 g - a scroll of identify {unknown}
 h - a scroll of immolation {unknown}
Potions
 d - a potion of curing {unknown}
 i - a potion of lignification


   Skills:
 - Level 2.0 Fighting
 * Level 3.0 Maces & Flails
 - Level 1.0 Throwing
 - Level 2.3 Dodging
 + Level 2.4 Spellcasting
 + Level 3.3 Translocations


You had 6 spell levels left.
You didn't know any spells.
Your spell library contained the following spells:

 Spells                   Type           Power        Failure   Level
 Blink                    Tloc           N/A          9%          2
 Gell's Gravitas          Tloc           5%           16%         3
 Lesser Beckoning         Tloc           5%           16%         3
 Teleport Other           Tloc           11%          16%         3
 Passage of Golubria      Tloc           N/A          47%         4


Dungeon Overview and Level Annotations

Branches:
Dungeon (3/15)

Altars:


Innate Abilities, Weirdness & Mutations

You cannot wear most types of armour.
You are very stealthy in the water. (Stealth+)
((You are amphibious.))
You can wear up to eight rings at the same time.
((You can use your tentacles to constrict eight enemies at once.))
((Your skin changes colour to match your surroundings (Stealth+).))
((Your rubbery body absorbs attacks. (AC +1, EV +1)))


Message History

The orc shouts!
You cannot move. (Use ctrl+direction or * direction to attack without moving.)
You cannot move. (Use ctrl+direction or * direction to attack without moving.)
You swing at nothing.
You nearly hit yourself!
You feel less confused. The orc hits you but does no damage.
The orc priest hits you but does no damage.
You barely miss the orc priest.
The orc priest hits you but does no damage.
The orc hits you but does no damage.
You closely miss the orc priest. The orc hits you but does no damage.
The orc priest hits you but does no damage.
The orc hits you but does no damage.
You closely miss the orc priest.
The orc priest hits you but does no damage.
The orc hits you but does no damage. x2
You closely miss the orc priest. The orc hits you but does no damage.
The orc priest hits you with a +0 mace.
You die...

###.# ....
#..# #..# ###
#..# ##<##
#..#######.#.#
#.........####
#oo#######.#.#
#o♣# ##.##
#.†# #.# #..#
#.# #..# #.#
#..# #.# #..#
#.# #..# #.##
#... #..# ####


You could see an orc priest and 2 orcs.

Vanquished Creatures
  An orc wizard (D:3)
  An adder (D:3)
  A bat (D:1)
  A hobgoblin (D:2)
  A kobold (D:2)
  A rat (D:2)
6 creatures vanquished.

Notes
Turn   | Place    | Note
-------+----------+-------------------------------------------
     0 | D:1      | Zeld the Octopode Warper began the quest for the Orb.
     0 | D:1      | Reached XP level 1. HP: 14/14 MP: 3/3
   202 | D:3      | Noticed an orc wizard
   207 | D:3      | Reached XP level 2. HP: 4/19 MP: 5/5
   221 | D:3      | Reached XP level 3. HP: 2/24 MP: 6/6
   236 | D:3      | Slain by an orc priest

Illustrated notes

Levels and vault maps discovered:
D:1:      lightli_arrival_statuegarden, layout_loops_ring
D:2:      wad_lake_hut, layout_basic, chequers_ecumenical_altar_grove,
          serial_forest, infiniplex_forest_straight_4,
          infiniplex_forest_clump_small, infiniplex_forest_end_3,
          infiniplex_forest_straight_4, infiniplex_forest_lined_corner,
          infiniplex_forest_end_2
D:3:      layout_loops_ring, good_gods_mini_temple, elyvilon_altar_3

Skill      XL: |  1  2 |
---------------+-------+-----
Maces & Flails | 3 |  3.0
Fighting       | |  2.0
Throwing       | |  1.0
Dodging        | |  2.3
Spellcasting   | |  2.4
Translocations | |  3.3

Action                   || total
-------------------------++-------
Melee: Mace              ||    21
       Constrict         ||     3
       Tentacles         ||     2
  Use: Potion            ||     1
 Stab: Sleeping          ||     1
Armor: Skin              ||    19
Dodge: Dodged            ||     9
